Map: Thunderbird LE

Players

Gerald - Winner!

  • Race: Protoss Protoss
  • Spawn Location: 11:00

SKillous

  • Race: Protoss Protoss
  • Spawn Location: 5:00

Event: 2019 WCS Summer

VOD

Have the link to the VOD?

Description

Time

  • Played on: July 12, 2019, 10:55 a.m.
  • Length: 11:24

All games in this series

Show
View Real Time Build Order
Export as new Build Order

Gerald Protoss - Winner!

Build Orders: Phoenix Opening 

Get SALT Encoding   

  12  0:00  Probe  
  13  0:12  Probe  
  14  0:17  Pylon  
  14  0:23  Probe  
  15  0:31  Probe  
  16  0:37  Gateway  
  16  0:39  Probe  
  16  0:45  Assimilator  
  17  0:51  Probe  
  17  0:54  Assimilator  
  18  0:59  Probe  
  19  1:07  Probe  
  19  1:15  Gateway  
  19  1:17  Probe  
  20  1:25  Cybernetics Core  
  21  1:30  Probe  
  22  1:36  Pylon  
  22  1:42  Probe  
  22  1:44  Pylon  
  23  1:54  Probe  
  24  2:02  Adept x2  
  24  2:06  Warp Gate  
  24  2:07  Probe  
  29  2:25  Stargate  
  28  2:32  Stalker, Probe  
  31  2:51  Probe  
  32  2:52  Shield Battery  
  32  3:01  Phoenix  
  34  3:15  Nexus  
  34  3:23  Probe  
  35  3:28  Phoenix  
  37  3:37  Robotics Facility  
  37  3:39  Probe  
  38  3:49  Phoenix  
  38  3:56  Pylon  
  38  3:58  Probe  
  37  4:10  Probe  
  37  4:15  Adept x2  
  42  4:20  Probe  
  43  4:24  Probe  
  43  4:25  Observer, Phoenix  
  47  4:35  Probe  
  47  4:41  Pylon  
  48  4:50  Probe  
  48  4:51  Probe  
  48  5:00  Immortal  
  48  5:02  Probe  
  48  5:03  Probe, Forge  
  52  5:14  Probe  
  52  5:15  Probe  
  52  5:16  Assimilator  
  52  5:21  Assimilator  
  54  5:25  Shield Battery  
  55  5:29  Stalker x2  
  55  5:32  Shield Battery, Immortal  
  62  5:53  Stalker x2  
  66  6:10  Warp Prism  
  62  6:18  Probe  
  63  6:20  Probe  
  63  6:23  Forge  
  64  6:27  Twilight Council  
  64  6:28  Stalker, Zealot  
  64  6:30  Probe  
  64  6:32  Probe  
  70  6:33  Gateway, Pylon  
  70  6:36  Gateway  
  70  6:41  Pylon  
  70  6:44  Pylon  
  68  6:54  Immortal  
  68  6:56  Charge  
  73  7:10  Protoss Ground Weapons Level 1  
  73  7:13  Gateway  
  73  7:14  Gateway  
  72  7:17  Dark Shrine, Gateway  
  72  7:24  Gateway  
  72  7:27  Zealot x2  
  76  7:35  Pylon  
  76  7:38  Zealot  
  76  7:39  Zealot  
  76  7:43  Pylon  
  80  7:57  Nexus  
  80  8:04  Adept x2  
  84  8:11  Pylon  
  84  8:17  Probe x2  
  86  8:38  Dark Templar x5  
  86  8:39  Zealot  
  86  8:41  Probe  
  98  8:59  Dark Templar x3  
  98  9:02  Pylon  
  104  9:03  Archon x2  
  104  9:12  Dark Templar x2  
  108  9:19  Warp Prism  
  108  9:20  Archon  
  108  9:26  Zealot x2  
  112  9:35  Zealot x3  
  114  9:41  Zealot  
  114  9:42  Zealot  
  114  9:45  Dark Templar  
  99  9:48  Dark Templar  
  76  9:52  Zealot  
  76  9:58  Zealot x2  
  70  10:03  Zealot  
  64  10:21  Dark Templar  
  64  10:22  Dark Templar x3  
  64  10:26  Zealot, Archon x2  
  74  10:29  Dark Templar  
  74  10:32  Observer  
  76  10:36  Archon  
  76  10:37  Zealot  
  76  10:38  Zealot  
  81  10:56  Zealot x5  
  91  11:18  Zealot x6  
Show
View Real Time Build Order
Export as new Build Order

SKillous Protoss 

Build Orders: Blink Stalkers, Zealot Archon 

Get SALT Encoding   

  12  0:00  Probe  
  13  0:13  Probe  
  14  0:16  Pylon  
  14  0:25  Probe  
  15  0:33  Probe  
  15  0:35  Gateway  
  15  0:41  Probe  
  16  0:46  Assimilator  
  17  0:51  Probe  
  17  0:54  Assimilator  
  18  0:59  Probe  
  19  1:07  Probe, Gateway  
  19  1:17  Probe  
  20  1:23  Cybernetics Core  
  21  1:29  Probe  
  22  1:35  Pylon  
  22  1:41  Probe  
  23  1:52  Warp Gate  
  23  1:54  Probe  
  24  1:59  Stalker  
  24  2:00  Sentry  
  28  2:10  Pylon  
  28  2:26  Pylon  
  28  2:28  Sentry  
  28  2:29  Stalker  
  32  2:47  Nexus  
  32  2:50  Probe  
  33  2:56  Sentry  
  35  3:01  Stalker  
  35  3:04  Probe  
  38  3:15  Shield Battery  
  37  3:20  Probe  
  38  3:29  Twilight Council, Pylon  
  38  3:32  Probe  
  39  3:42  Shield Battery  
  39  3:43  Blink  
  39  3:45  Probe  
  39  3:57  Probe  
  39  3:58  Probe  
  39  4:01  Stalker x2  
  45  4:06  Probe  
  45  4:09  Probe  
  46  4:14  Probe  
  47  4:19  Probe  
  49  4:26  Probe  
  49  4:28  Probe  
  49  4:30  Stalker x2  
  54  4:37  Probe  
  54  4:38  Probe  
  56  4:49  Probe  
  56  4:50  Probe  
  56  5:01  Probe  
  56  5:02  Probe  
  57  5:11  Stalker  
  57  5:13  Probe, Pylon  
  57  5:14  Pylon, Nexus  
  60  5:18  Probe  
  61  5:25  Probe  
  62  5:30  Probe  
  62  5:33  Gateway  
  62  5:34  Gateway  
  62  5:37  Probe  
  62  5:42  Probe  
  64  5:49  Probe  
  63  5:54  Probe, Gateway  
  63  5:56  Gateway  
  64  5:57  Zealot  
  64  6:01  Probe  
  66  6:06  Charge, Probe  
  64  6:14  Probe x2  
  64  6:22  Probe  
  64  6:23  Probe  
  64  6:25  Templar Archives  
  60  6:26  Probe, Assimilator  
  60  6:28  Assimilator  
  60  6:31  Probe  
  63  6:33  Probe  
  63  6:38  Probe  
  63  6:39  Gateway  
  66  6:41  Probe, Gateway  
  66  6:44  Pylon  
  66  6:45  Probe  
  66  6:46  Robotics Facility  
  68  6:50  Probe  
  68  6:53  Probe  
  68  6:56  Stalker  
  68  6:57  Probe  
  71  7:02  Probe  
  71  7:04  High Templar  
  71  7:05  Probe, High Templar  
  71  7:08  Sentry, Archon  
  78  7:09  Probe  
  78  7:14  Probe  
  80  7:17  Probe  
  80  7:24  Zealot x3  
  80  7:29  Assimilator  
  85  7:30  Observer  
  85  7:31  High Templar  
  85  7:33  Assimilator  
  85  7:34  Gateway  
  85  7:35  Gateway  
  85  7:36  High Templar  
  88  7:37  Pylon  
  88  7:38  Pylon  
  88  7:42  Zealot x3, Archon  
  94  7:45  Pylon  
  94  7:50  Zealot x3, Shield Battery  
  100  7:52  Warp Prism  
  100  7:57  Pylon  
  102  8:01  Pylon  
  101  8:06  Probe  
  102  8:13  High Templar x2  
  102  8:14  Zealot x4  
  102  8:18  Archon  
  114  8:22  Shield Battery  
  114  8:23  Shield Battery  
  114  8:28  Observer  
  114  8:29  Stalker  
  115  8:39  Pylon  
  115  8:44  Pylon  
  115  8:49  Observer, High Templar x4  
  115  8:50  Zealot x5  
  115  8:55  Archon x2  
  133  8:59  Shield Battery  
  133  9:00  Pylon  
  134  9:14  Observer  
  125  9:40  Stalker x7  
  125  9:42  Zealot x3  
  125  9:44  Probe  
  125  9:45  Probe  
  114  9:52  Probe  
  80  9:59  Zealot x3  
  74  10:05  Probe x2  
  44  10:07  Probe  
  44  10:09  Warp Prism  
  44  10:15  High Templar x2  
  44  10:20  Archon  
  44  10:22  Zealot, High Templar x2  
  44  10:23  Zealot x5  
  44  10:26  Archon  
  59  10:50  Zealot x4  
  67  11:01  Zealot x2  
  69  11:14  Zealot x3  
Tags
 
Add a new tag
Caveats
  • Supply blocks, unpowered buildings, or Contaminate may cause inaccurate times.
  • Supply counts are checked every 10 seconds.